 Dungeon Crawl Stone Soup version 0.29.1-14-g9c671dbff4 (webtiles) character file.

Game seed: 6204636350339481905

1254 Sanktem7 the Fighter (level 8, -3/75 HPs)
             Began as a Minotaur Fighter on Feb 18, 2023.
             Slain by a gnoll sergeant
             ... wielding a +2 vampiric spear
              (6 damage)
             ... on level 6 of the Dungeon.
             The game lasted 00:09:51 (6049 turns).

Sanktem7 the Fighter (Minotaur Fighter)             Turns: 6049, Time: 00:09:52

Health: -3/75      AC: 15    Str: 24    XL:     8   Next: 26%
Magic:  7/7        EV:  6    Int:  5    God:
Gold:   402        SH:  9    Dex:  9    Spells: 7/7 levels left

rFire   . . .      SeeInvis .   a - +0 war axe (vamp) {axe}
rCold   . . .      Faith    .   c - +0 buckler
rNeg    + . .      Spirit   .   p - +0 plate armour
rPois   .          Reflect  +   (helmet restricted)
rElec   .          Harm     .   r - +0 cloak
rCorr   .          Rampage  .   (no gloves)
Will    .....                   C - +0 pair of boots
Stlth   ..........              F - amulet of reflection
HPRegen 0.22/turn               D - ring of positive energy
MPRegen 0.10/turn               (no ring)

@: no status effects
A: horns 2, retaliatory headbutt
a: no special abilities


You were on level 6 of the Dungeon.
You visited 2 branches of the dungeon, and saw 7 of its levels.
You also visited: Ossuary.

You collected 402 gold pieces.


Innate Abilities, Weirdness & Mutations

You have a pair of horns on your head.
You reflexively headbutt those who attack you in melee.


   Skills:
 * Level 8.6 Fighting
 * Level 8.1 Axes
 - Level 6.0 Armour
 - Level 3.6 Shields


You had 7 spell levels left.
You didn't know any spells.
Your spell library contained the following spells:

 Spells                   Type           Power      Damage    Failure   Level
 Magic Dart               Conj           0%         1d3       100%        1
 Call Imp                 Summ           0%         N/A       100%        2
 Poisonous Vapours        Pois/Air       0%         N/A       100%        2
 Searing Ray              Conj           0%         2d4       100%        2
 Mephitic Cloud           Conj/Pois/Air  0%         N/A       100%        3
 Summon Guardian Golem    Hex/Summ       0%         N/A       100%        3
 Corpse Rot               Necr/Pois/Air  0%         N/A       100%        4
 Fulminant Prism          Conj/Hex       0%         3d6       100%        4
 Petrify                  Tmut/Erth      0%         N/A       100%        4
 Metabolic Englaciation   Hex/Ice        0%         N/A       100%        5
 Statue Form              Tmut/Erth      0%         N/A       100%        6
 Orb of Destruction       Conj           0%         9d5       100%        7
 Spellforged Servitor     Conj/Summ      0%         N/A       100%        7

Inventory:

Hand Weapons
 a - a +0 vampiric war axe (weapon) {axe}
Missiles
 h - 62 stones (quivered) {throwing}
 l - 14 poisoned darts {throwing}
 n - 8 boomerangs {throwing}
 s - a throwing net {=f!fthrowing}
 w - 4 javelins {throwing}
Armour
 c - a +0 buckler (worn)
 p - a +0 plate armour (worn)
   (You found it on level 2 of the Dungeon)
 r - a +0 cloak (worn)
   (You found it on level 2 of the Dungeon)
 C - a +0 pair of boots (worn)
   (You found it on level 4 of the Dungeon)
Jewellery
 D - a ring of positive energy (left hand)
   (You found it on level 4 of the Dungeon)
 F - an amulet of reflection (around neck)
   (You found it on level 5 of the Dungeon)
Wands
 k - a wand of flame (10)
   (You found it on level 4 of the Dungeon)
 q - a wand of digging (3)
   (You found it on level 4 of the Dungeon)
 t - a wand of mindburst (22)
   (You found it on level 3 of the Dungeon)
Scrolls
 g - a scroll of silence {!r}
 i - 5 scrolls of teleportation {@r4}
 m - a scroll of magic mapping {unknown}
 y - a scroll of blinking {!r}
 B - a scroll of noise {!r}
 J - a scroll of vulnerability {!r!r}
Potions
 b - a potion of lignification {!q}
 d - a potion of might
 e - 2 potions of brilliance
 f - 2 potions of invisibility {unknown}
 j - 3 potions of ambrosia
 o - 4 potions of curing {@q1}
 u - a potion of degeneration {unknown}
 x - 3 potions of berserk rage {!q}
 z - 3 potions of heal wounds {@q2}
 A - a potion of haste {unknown}
 G - a potion of magic {unknown}
 H - a potion of resistance {unknown}

Dungeon Overview and Level Annotations

Branches:
Dungeon (6/15) Zot: 26242  Temple (1/1) D:5 Zot: 5840 Ossuary (visited)

Altars:
Ashenzari
Cheibriados
Elyvilon
Hepliaklqana
Kikubaaqudgha
Nemelex Xobeh
Qazlal
Uskayaw
Vehumet
Wu Jian
Yredelemnul
Zin
The Shining One

Shops:
D:6

( >. #...........##
#.#.# ###.._. ..
#............## #...#
#.... .
#.............###.####
#....
#####.........##.....#
#....
#.........##.###.#
#....
#............###.##
##...
#......g..#....#..#
##..
.........g)).<..[...#
###
###....>..@<#....####
#?.....o))#...)#
...........###....
............. ...#..#
..<..............##..#
....."...#....... ...
.....############ ##
....


You could see an orc warrior, a gnoll sergeant and a gnoll.


Message History

The orc warrior completely misses you. The gnoll closely misses you.
The orc wizard hits you but does no damage.
You block the gnoll sergeant's attack. You block the gnoll's attack.
Your Axes skill increases to level 8! 😕 HP[+6]
You regained 6 hp, and now have 65/75 hp.
You closely miss the gnoll. You closely miss the orc wizard.
You closely miss the gnoll. You slash the orc wizard!
You feel better.
You kill the orc wizard!
The orc wizard casts a spell at you. You resist with some effort.
You block the orc warrior's attack. You block the gnoll's attack.
The gnoll sergeant barely misses you. The gnoll hits you but does no damage.
The gnoll hits you from afar with a +0 halberd. 😕 HP[+1]
You hit the gnoll. You barely miss the orc wizard.
You hit the gnoll but do no damage.
The orc wizard hits you but does no damage.
You block the orc warrior's attack. The gnoll closely misses you.
You furiously retaliate!
You headbutt the gnoll!
You kill the gnoll!
The gnoll sergeant completely misses you.
The gnoll barely misses you. You furiously retaliate!
You headbutt the gnoll. You block the gnoll's attack.
You slash the orc wizard! You headbutt the orc wizard.
You kill the orc wizard!
You barely miss the gnoll. The gnoll barely misses you.
You furiously retaliate!
You headbutt the gnoll.
You kill the gnoll!
You block the gnoll sergeant's attack. You block the orc warrior's attack.
You block the gnoll's attack. The orc warrior completely misses you.
You block the gnoll sergeant's attack. The gnoll hits you but does no damage.
Things that are here:
a +0 flail {mace}; a gnoll corpse; 😕 HP[+1]
You barely miss the orc warrior. You completely miss the gnoll sergeant.
The orc warrior barely misses you. You block the gnoll sergeant's attack.
You block the gnoll's attack.
You hit the orc warrior but do no damage.
You slash the gnoll sergeant!
You feel better.
The gnoll sergeant completely misses you.
You block the orc warrior's attack. The gnoll closely misses you. 😕 HP[+5]
You regained 5 hp, and now have 72/75 hp.
You hit the orc warrior.
You feel better.
You hit the gnoll sergeant but do no damage.
The orc warrior hits you but does no damage.
The gnoll sergeant hits you with a +2 vampiric spear.
You block the gnoll's attack. 😕 HP[-2]
You take 2 damage, and now have 70/75 hp.
You closely miss the orc warrior. You hit the gnoll sergeant.
You feel better. The orc warrior barely misses you. You furiously retaliate!
You headbutt the orc warrior!
The gnoll sergeant hits you with a +2 vampiric spear.
You block the gnoll's attack. 😕 HP[+1]
You barely miss the orc warrior. Your headbutt misses the orc warrior.
You hit the gnoll sergeant but do no damage.
The gnoll sergeant hits you but does no damage.
The orc warrior hits you with a +0 glaive!!
The gnoll hits you but does no damage. 😮 HP[-18]
You take 18 damage, and now have 53/75 hp.
MASSIVE DAMAGE!! (PAUSE)
You hit the orc warrior but do no damage.
You slash the gnoll sergeant!
You feel better. You block the gnoll sergeant's attack.
You block the gnoll's attack. The orc warrior closely misses you.
You block the orc warrior's attack.
The gnoll sergeant hits you with a +2 vampiric spear.
The gnoll hits you from afar with a +0 halberd.
You barely miss the orc warrior. You headbutt the orc warrior.
You hit the gnoll sergeant but do no damage.
The orc warrior hits you with a +0 glaive!
You block the gnoll's attack.
The gnoll sergeant hits you with a +2 vampiric spear.
* * * LOW HITPOINT WARNING * * *
😨 HP[-17]
You take 17 damage, and now have 36/75 hp.
MASSIVE DAMAGE!! (PAUSE)
You hit the orc warrior.
You feel better.
You hit the gnoll sergeant but do no damage.
The gnoll sergeant hits you with a +2 vampiric spear.
* * * LOW HITPOINT WARNING * * *
The gnoll sergeant draws strength from your wounds!
The orc warrior hits you with a +0 glaive!!
* * * LOW HITPOINT WARNING * * *
You block the gnoll's attack. 😱 HP[-20]
You take 20 damage, and now have 16/75 hp.
MASSIVE DAMAGE!! (PAUSE)
You barely miss the orc warrior. Your headbutt misses the orc warrior.
You hit the gnoll sergeant.
You feel better. The gnoll barely misses you.
You block the gnoll sergeant's attack.
The orc warrior barely misses you. 😱 HP[+1]
You hit the orc warrior. You hit the gnoll sergeant.
You feel better.
The orc warrior hits you with a +0 glaive!!
* * * LOW HITPOINT WARNING * * *
The gnoll sergeant hits you with a +2 vampiric spear.
You die...

Skill      XL: |  1  2  3  4  5  6  7  8 |
---------------+-------------------------+-----
Fighting       | 4 5 6 8 |  8.6
Axes           | 3 4 5 6 7 8 |  8.1
Armour         | 4 5 6 |  6.0
Shields        | |  3.6

Action                   |  1- 3 |  4- 6 |  7- 9 || total
-------------------------+-------+-------+-------++-------
Melee: War axe           |    80 |   136 |    72 ||   288
       Headbutt          |    12 |    24 |    12 ||    48
Evoke: Wand              |       |     1 |       ||     1
  Use: Scroll            |       |    14 |     4 ||    18
Armor: Scale mail        |    26 |       |       ||    26
       Chain mail        |    16 |       |       ||    16
       Plate armour      |     4 |    77 |    76 ||   157
Dodge: Dodged            |    29 |    31 |    65 ||   125
Block: Buckler           |    20 |    38 |    82 ||   140
       Reflection        |       |       |     1 ||     1

Levels and vault maps discovered:
D:1:      dpeg_arrival_boxes_within_box, layout_rooms,
          dreamdust_ecumenical_altar_drowned_temple
D:2:      layout_loops_ring, kennysheep_cluttered_room,
          kennysheep_generic_room_4
D:3:      layout_loops_cross, mainiacjoe_overflow_alcove_2,
          mainiacjoe_overflow_concentric_impassable
D:4:      layout_basic, lemuel_round_altar, nemelex_spade_bored_becter,
          enter_ossuary_4, due_unseen_surprise
D:5:      layout_rooms, jmf_multi_god_temple2, minmay_temple_entry_trees
D:6:      layout_rooms, led_sif_pool, overflow_temple_1_default, serial_shops,
          nicolae_shop_crystal
Temple:   hellmonk_temple_flake

Notes
Turn   | Place    | Note
-------+----------+-------------------------------------------
     0 | D:1      | Sanktem7 the Minotaur Fighter began the quest for the Orb.
     0 | D:1      | Reached XP level 1. HP: 19/19 MP: 0/0
     0 | D:1      | magus.rc [v1.9.6]
   249 | D:1      | Reached XP level 2. HP: 27/27 MP: 1/1
   306 | D:1      | Reached skill level 4 in Fighting
   307 | D:1      | Found a faded altar of an unknown god.
   334 | D:1      | Reached skill level 3 in Axes
   797 | D:2      | Reached skill level 4 in Armour
   797 | D:2      | Reached XP level 3. HP: 34/34 MP: 2/2
  1850 | D:3      | Reached XP level 4. HP: 41/41 MP: 3/3
  1865 | D:3      | Found a white marble altar of Elyvilon.
  2023 | D:3      | Found a stormy altar of Qazlal.
  2167 | D:3      | Reached skill level 4 in Axes
  2547 | D:4      | Reached skill level 5 in Fighting
  2595 | D:4      | Found a sand-covered staircase.
  2612 | Ossuary  | Entered an ossuary
  2637 | Ossuary  | Reached XP level 5. HP: 31/48 MP: 4/4
  2640 | Ossuary  | HP: 10/48 [mummy (10)]
  2645 | Ossuary  | HP: 8/48 [mummy (3)]
  2969 | Ossuary  | Reached skill level 5 in Axes
  3178 | D:4      | You pick up a book of Vapours and begin reading...
  3178 | D:4      | You add the spells Poisonous Vapours and Corpse Rot to your
                  | library.
  3275 | D:4      | Found a glowing golden altar of the Shining One.
  3391 | D:4      | Reached XP level 6. HP: 24/57 MP: 5/5
  3619 | D:4      | You pick up a book of Sloth and begin reading...
  3619 | D:4      | You add the spells Petrify, Metabolic Englaciation and
                  | Statue Form to your library.
  3696 | D:4      | Reached skill level 6 in Fighting
  3710 | D:4      | Reached skill level 5 in Armour
  3958 | D:4      | Found a sparkling altar of Nemelex Xobeh.
  4188 | D:5      | Entered Level 5 of the Dungeon
  4205 | D:5      | Found a large runed translucent door.
  4205 | D:5      | Found a large runed translucent door.
  4214 | D:5      | You pick up a book of Conjurations {@e2} and begin
                  | reading...
  4214 | D:5      | You add the spells Magic Dart, Searing Ray and Fulminant
                  | Prism to your library.
  4475 | D:5      | You pick up a book of Minor Magic and begin reading...
  4475 | D:5      | You add the spells Call Imp and Mephitic Cloud to your
                  | library.
  4530 | D:5      | Found a staircase to the Ecumenical Temple.
  4539 | Temple   | Entered the Ecumenical Temple
  4785 | D:5      | Reached skill level 6 in Axes
  4791 | D:5      | Reached XP level 7. HP: 62/64 MP: 6/6
  4937 | D:5      | You pick up a book of Dangerous Friends and begin
                  | reading...
  4937 | D:5      | You add the spells Summon Guardian Golem, Orb of
                  | Destruction and Spellforged Servitor to your library.
  5251 | D:5      | Found a snail-covered altar of Cheibriados.
  5261 | D:5      | Found a hazy altar of Hepliaklqana.
  5265 | D:5      | Reached skill level 7 in Fighting
  5325 | D:6      | Found a glowing silver altar of Zin.
  5339 | D:6      | Found Jiutonwa's Weapon Shoppe.
  5468 | D:6      | Reached skill level 7 in Axes
  5500 | D:6      | Reached skill level 6 in Armour
  5517 | D:6      | HP: 15/67 [orc wizard/puff of flame (9)]
  5521 | D:5      | Reached skill level 8 in Fighting
  5521 | D:5      | Reached XP level 8. HP: 13/74 MP: 7/7
  5523 | D:5      | HP: 13/74 [killer bee (1)]
  6036 | D:6      | Reached skill level 8 in Axes
  6047 | D:6      | HP: 16/75 [orc warrior/+0 glaive (18)]
  6049 | D:6      | HP: 3/75 [orc warrior/+0 glaive (18)]
  6049 | D:6      | Slain by a gnoll sergeant

Vanquished Creatures
  An acid dragon (D:6)
  An ogre (D:6)
  A bullfrog (D:6)
  2 scorpions
  4 killer bees (D:5)
  An orc priest (D:5)
  2 jellies (D:5)
  3 iguanas (D:5)
  3 hounds
  4 orc wizards
  8 mummies (Ossuary)
  4 adders
  10 gnolls
  A shadow imp (D:6)
  A white imp (D:5)
  A worm (D:3)
  A dart slug (D:4)
  10 orcs
  4 bats
  6 endoplasms
  6 giant cockroaches
  4 goblins
  8 hobgoblins
  3 quokkas
  9 ball pythons
  A frilled lizard (D:3)
  4 hobgoblin zombies (Ossuary)
  9 kobolds
  2 kobold zombies (Ossuary)
  2 orc zombies (Ossuary)
  A quokka zombie (D:4)
  6 rats
  A rat zombie (D:4)
  A spectral goblin (D:1)
125 creatures vanquished.

Table legend:
 A = Non-vault XP
 B = Vault XP
 C = Vault XP percentage of total XP
 D = Non-vault monster count
 E = Vault monster count
 F = Vault count percentage of total count
                 A         B        C        D         E       F
            +---------+---------+-------+---------+---------+-------
      Total |    1517 |     275 |  15.3 |     104 |      21 |  16.8
            +---------+---------+-------+---------+---------+-------
        D:1 |      35 |       1 |   2.8 |      22 |       1 |   4.3
        D:2 |      52 |       0 |   0.0 |      16 |       0 |   0.0
        D:3 |      50 |       0 |   0.0 |      14 |       0 |   0.0
        D:4 |     199 |       2 |   1.0 |      17 |       2 |  10.5
        D:5 |     600 |     120 |  16.7 |      22 |       2 |   8.3
        D:6 |     581 |       0 |   0.0 |      13 |       0 |   0.0
    Ossuary |       0 |     152 | 100.0 |       0 |      16 | 100.0
            +---------+---------+-------+---------+---------+-------

Illustrated notes

Table legend:
 A = Kills in this place as a percentage of kills in entire the game.
 B = Kills by you in this place as a percentage of kills by you in the entire game.
 C = Kills by friends in this place as a percentage of kills by friends in the entire game.
 D = Other kills in this place as a percentage of other kills in the entire game.
 E = Experience gained in this place as a percentage of experience gained in the entire game.
 F = Experience gained in this place divided by the number of levels of this place that you have seen.
                   A       B       C       D       E      F
               +-------+-------+-------+-------+-------+----------------------
         Total | 100.0 | 100.0 |   N/A |   N/A | 100.0 | 224.0
       Dungeon |  87.2 |  87.2 |   N/A |   N/A |  91.5 | 273.3
       Ossuary |  12.8 |  12.8 |   N/A |   N/A |   8.5 | 152.0
               +-------+-------+-------+-------+-------+----------------------

Table legend: (Time is in decaauts)
 A = Elapsed time spent in this place.
 B = Non-inter-level travel time spent in this place.
 C = Inter-level travel time spent in this place.
 D = Time resting spent in this place.
 E = Time spent auto-exploring this place.
 F = Levels seen in this place.
 G = Mean time per level.
                   A        B        C        D        E       F      G
               +--------+--------+--------+--------+--------+-----+--------+
         Total |   6139 |   5895 |    244 |    767 |   4096 |   8 |  767.4 |
       Dungeon |   5436 |   5192 |    244 |    499 |   3793 |   6 |  906.0 |
        Temple |    159 |    159 |      0 |      0 |    143 |   1 |  159.0 |
       Ossuary |    544 |    544 |      0 |    268 |    160 |   1 |  544.0 |
               +--------+--------+--------+--------+--------+-----+--------+

Top non-repeatable levels by time:
     D:5: 1477 daAuts
     D:4: 1136 daAuts
     D:2: 946 daAuts
     D:3: 818 daAuts
     D:1: 811 daAuts
 Ossuary: 544 daAuts
     D:6: 245 daAuts
  Temple: 159 daAuts
